 Dungeon Crawl Stone Soup version 0.25-a0-731-g0472a16d6a (webtiles) character file.

Game seed: 9036791563279793885, levelgen mode: deterministic

86 rubinsalamander the Shield-Bearer (level 4, -2/37 HPs)
             Began as a Formicid Fighter on Apr 9, 2020.
             Killed by nerve-wracking pain
             ... invoked by Jessica
              (7 damage)
             ... on level 2 of the Dungeon.
             The game lasted 00:04:08 (1006 turns).

rubinsalamander the Shield-Bearer (FoFi)            Turns: 1006, Time: 00:04:08

Health: -2/37      AC: 10    Str: 21    XL:     4   Next: 77%
Magic:  4/4        EV:  8    Int:  8    God:
Gold:   35         SH:  9    Dex: 10    Spells: 3/3 levels left

rFire    . . .     SeeInvis +   a - +0 trident
rCold    . . .     Gourm    .   c - +0 kite shield
rNeg     . . .     Faith    .   b - +0 scale mail
rPois    .         Spirit   .   (helmet unavailable)
rElec    .         Reflect  .   k - +1 cloak
rCorr    .         Harm     .   (no gloves)
MR       .....                  i - +0 pair of boots
Stlth    ..........             (no amulet)
HPRegen  0.12/turn              (no ring)
MPRegen  0.09/turn              (no ring)

@: mighty
A: permanent stasis, dig shafts and tunnels, four strong arms, antennae 3
a: Dig, Shaft Self


You were on level 2 of the Dungeon.
You were hungry.

You visited 1 branch of the dungeon, and saw 2 of its levels.

You collected 35 gold pieces.

Inventory:

Hand Weapons
 a - a +0 trident (weapon)
 o - a +0 halberd
Armour
 b - a +0 scale mail (worn)
 c - a +0 kite shield (worn)
 i - a +0 pair of boots (worn)
 k - a +1 cloak (worn)
Jewellery
 j - a +2 ring of evasion
Wands
 p - a wand of polymorph (9)
Scrolls
 e - 5 scrolls of identify {unknown}
 g - a scroll of fear {unknown}
 m - a scroll of noise {unknown}
 n - a scroll of teleportation {unknown}
 r - a scroll of enchant armour {unknown}
 s - a scroll of enchant weapon {unknown}
Potions
 h - 3 potions of stabbing {unknown}
 l - 2 potions of curing {unknown}
 q - a potion of resistance {unknown}
 t - a potion of brilliance {unknown}
Comestibles
 f - 4 rations


   Skills:
 * Level 3.8 Fighting
 * Level 2.5 Polearms
 + Level 3.8 Armour
 + Level 0.9 Dodging
 - Level 0.2 Stealth
 * Level 4.6 Shields


You had 3 spell levels left.
You didn't know any spells.
Your spell library was empty.

Dungeon Overview and Level Annotations

Branches:
Dungeon (2/15)

Altars:

Annotations:
D:2 Jessica


Innate Abilities, Weirdness & Mutations

You cannot be hasted, slowed, berserked, paralysed or teleported.
You can dig through walls and to a lower floor.
Your four strong arms can wield two-handed weapons with a shield.
You have a pair of large antennae on your head. (SInv)


Message History

Jessica mumbles some strange words.
Jessica seems to speed up.
You closely miss Jessica. Jessica barely misses you.
Jessica hits you but does no damage.
You hit Jessica.
Jessica is heavily wounded.
Jessica barely misses you.
Your shield and scale mail prevent you from hitting Jessica.
Jessica is heavily wounded.
Jessica looks very angry.
Jessica points at you and mumbles some strange words.
Pain shoots through your body!
Jessica points at you and mumbles some strange words.
Pain shoots through your body!
* * * LOW HITPOINT WARNING * * *
You feel very mighty all of a sudden.
Jessica shouts, "I don't like beings like you!"
Jessica points at you and mumbles some strange words.
Pain shoots through your body!
You die...

.##..#..#
.##.#...####..!......#
...........+.........+
###.#...####.........
.......## .......
.##.##.# .....
.##.##.### ...
.##......# #@#
.#####.#.# #@#
.#####.#.# #.#
....>..#.# ##.##
########.######...##
#.#.........#
#.#.##.#...##
#.#.##.##.##
#......#######.
###............


You could see Jessica.

Vanquished Creatures
  Robin (D:2)
  An adder (D:2)
  2 oozes
  A worm (D:2)
  A dart slug (D:2)
  5 bats
  A giant cockroach (D:1)
  15 goblins
  8 hobgoblins
  5 jackals (D:1)
  3 kobolds
  5 rats (D:1)
48 creatures vanquished.

Notes
Turn   | Place    | Note
-------+----------+-------------------------------------------
     0 | D:1      | rubinsalamander the Formicid Fighter began the quest for
                  | the Orb.
     0 | D:1      | Reached XP level 1. HP: 18/18 MP: 1/1
   113 | D:1      | Reached XP level 2. HP: 18/24 MP: 2/2
   120 | D:1      | Reached skill level 4 in Shields
   183 | D:1      | Reached XP level 3. HP: 16/29 MP: 3/3
   739 | D:2      | Reached XP level 4. HP: 37/37 MP: 4/4
   756 | D:2      | Noticed Robin
   773 | D:2      | Killed Robin
   996 | D:2      | Noticed Jessica
  1006 | D:2      | Killed from afar by Jessica

Levels and vault maps discovered:
D:1:      dpeg_arrival_oval, layout_rooms, feat_on_display
D:2:      layout_loops_corners, st_stairs_14, chequers_serial_rivers_small_a,
          uniq_jessica, uniq_robin

Skill      XL: |  1  2 |
---------------+-------+-----
Shields        | 4 |  4.6
Fighting       | |  3.8
Polearms       | |  2.5
Armour         | |  3.8
Dodging        | |  0.9
Stealth        | |  0.2

Action                   |  1- 3 |  4- 6 || total
-------------------------+-------+-------++-------
Melee: Trident           |   105 |    65 ||   170
  Use: Potion            |       |     1 ||     1
Armor: Scale mail        |    66 |    27 ||    93
Dodge: Dodged            |    61 |    25 ||    86
Block: Kite shield       |    71 |    32 ||   103

Table legend:
 A = Non-vault XP
 B = Vault XP
 C = Vault XP percentage of total XP
 D = Non-vault monster count
 E = Vault monster count
 F = Vault count percentage of total count
                 A         B        C        D         E       F
            +---------+---------+-------+---------+---------+-------
      Total |      85 |      38 |  30.9 |      35 |      13 |  27.1
            +---------+---------+-------+---------+---------+-------
        D:1 |      51 |       0 |   0.0 |      27 |       0 |   0.0
        D:2 |      34 |      38 |  52.8 |       8 |      13 |  61.9
            +---------+---------+-------+---------+---------+-------
